 Dungeon Crawl Stone Soup version 0.31.0-9-g3a7656b989 (webtiles) character file.

Game seed: 16446682612104433928

97 Gumption the Ruffian (level 4, -8/37 HPs)
             Began as a Draconian Shapeshifter on Jan 29, 2024.
             Killed by divine providence
             ... invoked by an orc priest
              (13 damage)
             ... on level 3 of the Dungeon.
             The game lasted 00:10:00 (1576 turns).

Gumption the Ruffian (Draconian Shapeshifter)       Turns: 1576, Time: 00:10:01

Health: -8/37      AC:  5    Str: 16    XL:     4   Next: 42%
Magic:  4/4        EV: 12    Int: 11    God:
Gold:   58         SH:  0    Dex: 12    Spells: 3/3 levels left

rFire   . .          .
                       - Unarmed
rCold   . . .        (no shield)
rNeg    . . .        (body armour unavailable)
rPois   .            (helmet currently unavailable)
rElec   .            (cloak currently unavailable)
rCorr   .            (gloves currently unavailable)
SInv    .            (boots currently unavailable)
Will    .....        (no amulet)
Stlth   +            n - +4 ring of slaying
HPRegen 0.26/turn    (no ring)
MPRegen 0.09/turn

%: no passive effects
@: beast-form
A: beast (slay +2), AC +5, unfitting armour, cold-blooded
a: Begin Untransformation


You were on level 3 of the Dungeon.
You were a hulking beast.
You visited 1 branch of the dungeon, and saw 3 of its levels.

You collected 58 gold pieces.

Inventory:

Missiles
 j - 2 throwing nets (quivered)
Jewellery
 e - a ring of fire
 n - a +4 ring of slaying (left hand)
Talismans
 b - a beast talisman
 c - a flux talisman
Wands
 i - a wand of charming (8)
Scrolls
 d - a scroll of amnesia {unknown}
 g - a scroll of immolation {unknown}
 h - a scroll of identify {unknown}
 m - a scroll of noise {unknown}
Potions
 a - a potion of lignification
 f - a potion of mutation {unknown}
 k - 2 potions of curing {unknown}
 l - 2 potions of invisibility {unknown}


   Skills:
 + Level 2.4 Fighting
 - Level 1.7 Dodging
 * Level 4.3 Unarmed Combat
 + Level 3.5 Shapeshifting


You had 3 spell levels left.
You didn't know any spells.
Your spell library contained the following spells:

 Spells                   Type           Power      Damage    Failure   Level
 Shock                    Conj/Air       0%         1d3       34%         1
 Cigotuvi's Dreadful Rot  Necr/Alch/Air  0%         N/A       47%         2
 Swiftness                Air            0%         N/A       71%         3
 Airstrike                Air            0%         2d(0-16)  98%         4
 Dispel Undead            Necr           0%         3d6       98%         4
 Martyr's Knell           Necr/Summ      0%         N/A       98%         4
 Death Channel            Necr           0%         N/A       100%        6


Dungeon Overview and Level Annotations

Branches:
Dungeon (3/15)

Altars:


Innate Abilities, Weirdness & Mutations

You are a hulking beast.
Your limbs bulge with bestial killing power. (Slay +2)
Your plain brown scales are hard. (AC +5)
You cannot fit into any form of body armour.
You are cold-blooded and may be slowed by cold attacks.


Message History

You open the door.
There is an open door here.
There is an open door here.
There is an open door here.
Done exploring.
Done exploring.
You open the door.
There is an open door here.
There is a stone staircase leading down here.
You climb downwards.
Found 10 gold pieces.
There is a stone staircase leading up here.
You now have 58 gold pieces (gained 10).
Found 8 gold pieces. 2 orcs come into view.
The orc shouts!
An orc priest comes into view. It is wielding a +0 trident.
Found a stone staircase leading down.
The orc shouts!
The orc priest shouts!
A ribbon worm comes into view.
The orc priest invokes the aid of Beogh against you.
Beogh smites you!
You hit the orc.
The orc is heavily wounded.
The orc hits you but does no damage.
You hit the orc.
You kill the orc!
You hit the orc. You tail-slap the orc.
The orc is almost dead.
The orc hits you but does no damage.
The orc priest invokes the aid of Beogh against you.
Beogh smites you!
You punch the orc!
You kill the orc!
The orc priest invokes the aid of Beogh against you.
Pain shoots through your body!
* * * LOW HITPOINT WARNING * * *
The orc priest mumbles some strange prayers to Beogh against you.
Beogh smites you!
You die...

#.###.#
#.#...#
###<..#
#....##
#.#..#
#..##.# #
#. #.# #.#
#. #.#
>ow## .
#h###.....#
#.
#.ow.......
####.......
.......
#.....#
..$...
......
..... ....#


You could see a ribbon worm and an orc priest.

Vanquished Creatures
  4 gnolls (D:2)
  2 dart slugs
  2 orcs (D:3)
  3 ball pythons
  2 bats (D:2)
  7 endoplasms
  2 giant cockroaches
  3 goblins
  2 hobgoblins
  7 jackals (D:1)
  A quokka (D:2)
  5 frilled lizards
  3 kobolds
  6 rats
49 creatures vanquished.

Notes
Turn   | Place    | Note
-------+----------+-------------------------------------------
     0 | D:1      | Gumption the Draconian Shapeshifter began the quest for the
                  | Orb.
     0 | D:1      | Reached XP level 1. HP: 16/16 MP: 1/1
    77 | D:1      | Reached XP level 2. HP: 12/23 MP: 2/2
   413 | D:1      | Reached XP level 3. HP: 28/29 MP: 3/3
   778 | D:2      | Reached skill level 4 in Unarmed Combat
   782 | D:2      | Reached XP level 4. HP: 19/36 MP: 4/4
  1576 | D:3      | Killed from afar by an orc priest

Illustrated notes

Levels and vault maps discovered:
D:1:      nzn_arrival_settlement, layout_basic
D:2:      layout_loops_corners, dk_vineyard_1
D:3:      layout_rooms

Skill      XL: |  1  2  3 |
---------------+----------+-----
Fighting       | 2 |  2.4
Unarmed Combat | 4 |  4.3
Dodging        | |  1.7
Shapeshifting  | |  3.5

Action                     |  1- 3 |  4- 6 || total
---------------------------+-------+-------++-------
  Melee: Unarmed           |   112 |    32 ||   144
         Tailslap          |    16 |     3 ||    19
         Punch             |     2 |       ||     2
 Armour: Skin              |    36 |    13 ||    49
  Dodge: Dodged            |    58 |    14 ||    72
